[Event "Titled Tuesday Blitz May 2 Early 2023"]
[White "Khandelwal, Ankush"]
[Black "Van Foreest, Jorden"]
[WhiteFideId "413470"]
[BlackFideId "1039784"]
[WhiteElo "2263"]
[BlackElo "2633"]
[Result "0-1"]
[Round "01"]
[TimeControl "180+2"]
[Date "2023.05.02"]
[WhiteClock "0:00:00"]
[BlackClock "0:00:00"]

1. e4 c5 2. Nf3 Nc6 3. d4 cxd4 4. Nxd4 e6 5. Nc3 a6 6. Nxc6 bxc6 7. Bd3 d5 8. O-O Nf6 9. Re1 Be7 10. e5 Nd7 11. Qg4 Kf8 12. Bd2 h5 13. Qf4 Rb8 14. b3 Rb4 15. Qf3 Kg8 16. a3 Rb8 17. Bf4 Bg5 18. Rad1 a5 19. Ne2 Qe7 20. a4 Rb4 21. Qg3 Bxf4 22. Nxf4 h4 23. Qe3 Qc5 24. Qd2 Bb7 25. Rb1 Qd4 26. g3 Nxe5 27. Be2 Qxd2 0-1


[Site "https://www.chess.com"]

[Event "Titled Tuesday Blitz May 2 Early 2023"]
[White "Daneshvar, Bardiya"]
[Black "Karwowski, Kacper"]
[WhiteFideId "12576468"]
[BlackFideId "1126032"]
[WhiteElo "2468"]
[BlackElo "2261"]
[Result "1-0"]
[Round "01"]
[TimeControl "180+2"]
[Date "2023.05.02"]
[WhiteClock "0:00:00"]
[BlackClock "0:00:00"]

1. Nf3 Nf6 2. g3 g6 3. b4 Bg7 4. Bb2 O-O 5. Bg2 c6 6. O-O a5 7. a3 axb4 8. axb4 Rxa1 9. Bxa1 Qb6 10. Bxf6 Bxf6 11. c3 d5 12. Na3 Bg4 13. h3 Bxf3 14. Bxf3 Nd7 15. Qb3 Ra8 16. Nc2 Ne5 17. Bg2 Nc4 18. Rd1 h5 19. d3 Nd6 20. e3 e6 21. c4 Nf5 22. d4 Qa6 23. cxd5 cxd5 24. Ra1 Qxa1+ 25. Nxa1 Rxa1+ 26. Bf1 Nd6 27. Kg2 Ne4 28. Bd3 Be7 29. Bxe4 dxe4 30. d5 exd5 31. Qxd5 Bxb4 32. Qxb7 Be1 33. Qb8+ Kh7 34. Qc7 Kg8 35. Qd8+ Kh7 36. Qe7 Ra5 37. Qxf7+ Kh6 38. Qf4+ Kg7 39. Qxe4 Rf5 40. f4 1-0


[Site "https://www.chess.com"]

[Event "Titled Tuesday Blitz May 2 Early 2023"]
[White "Henriquez Villagra, Cristobal"]
[Black "Principe, Gerson"]
[WhiteFideId "3409350"]
[BlackFideId "3804550"]
[WhiteElo "2542"]
[BlackElo "2229"]
[Result "1-0"]
[Round "01"]
[TimeControl "180+2"]
[Date "2023.05.02"]
[WhiteClock "0:00:00"]
[BlackClock "0:00:00"]

1. Nf3 Nf6 2. c4 e6 3. d4 b6 4. g3 Bb7 5. Bg2 Be7 6. O-O O-O 7. Nc3 Ne4 8. Qc2 Nxc3 9. Qxc3 f5 10. h4 Bf6 11. Bg5 d6 12. Qd2 Nd7 13. Rac1 Qe7 14. b4 a5 15. b5 Rae8 16. Rfe1 h6 17. Bxf6 Rxf6 18. Rc3 Be4 19. Rd1 Qf7 20. Ne1 Bxg2 21. Nxg2 e5 22. dxe5 Rxe5 23. Nf4 Nc5 24. f3 Qe8 25. Kf2 g6 26. Re3 Kg7 27. Nd5 Rf7 28. Qd4 Kh7 29. Rxe5 dxe5 30. Qe3 Qe6 31. Kg2 Qe8 32. Qd2 Qe6 33. Qe3 Rd7 34. f4 e4 35. Qd4 Rf7 36. Kf2 Nd7 37. Ke3 Nc5 38. Qe5 Qxe5 39. fxe5 g5 40. h5 Kg7 41. Rf1 Ne6 42. Nf6 Rxf6 43. exf6+ Kxf6 44. Rd1 Nc5 45. Rd5 Ke6 46. g4 fxg4 47. Rd8 Kf5 48. Rh8 g3 49. Rxh6 Kg4 50. Rh8 Ne6 51. Re8 1-0


[Site "https://www.chess.com"]

[Event "Titled Tuesday Blitz May 2 Early 2023"]
[White "Grigoriants, Sergey"]
[Black "Kubatko, Ivan"]
[WhiteFideId "4130804"]
[BlackFideId "24111473"]
[WhiteElo "2502"]
[BlackElo "2285"]
[Result "1-0"]
[Round "01"]
[TimeControl "180+2"]
[Date "2023.05.02"]
[WhiteClock "0:00:00"]
[BlackClock "0:00:00"]

1. d4 d5 2. c4 e6 3. Nc3 c5 4. cxd5 cxd4 5. Qa4+ Bd7 6. Qxd4 exd5 7. Nf3 Nc6 8. Qd3 Nf6 9. Bg5 Bb4 10. a3 Qa5 11. Bxf6 gxf6 12. Rc1 d4 13. Nxd4 Ne5 14. Qg3 Qb6 15. axb4 Qxd4 16. e3 Qxb4 17. Be2 Be6 18. O-O Kf8 19. f4 Rg8 20. Qh4 Nd7 21. Bf3 Qb6 22. Kh1 f5 23. Rcd1 Qd8 24. Qh6+ Ke7 25. Nd5+ Bxd5 26. Rxd5 Qb6 27. Qh4+ Nf6 28. Re5+ Kf8 29. Rxf5 Rg6 30. e4 Re8 31. e5 Ng8 32. Qxh7 Rg7 33. Qh4 Ne7 34. Rh5 Ng6 35. Qg5 Qe3 36. g3 Qd4 37. Bg2 Qd3 38. Qf6 Rg8 39. Rh7 Re7 40. e6 Nxf4 41. Rxf7+ Ke8 42. Qxe7# 1-0


[Site "https://www.chess.com"]

[Event "Titled Tuesday Blitz May 2 Early 2023"]
[White "Drori, Saar"]
[Black "Chigaev, Maksim"]
[WhiteFideId "2812444"]
[BlackFideId "4108116"]
[WhiteElo "2322"]
[BlackElo "2547"]
[Result "0-1"]
[Round "01"]
[TimeControl "180+2"]
[Date "2023.05.02"]
[WhiteClock "0:00:00"]
[BlackClock "0:00:00"]

1. e4 e6 2. d4 d5 3. exd5 exd5 4. Nf3 Bd6 5. Bd3 Ne7 6. O-O O-O 7. Re1 Nbc6 8. c3 Bf5 9. Qc2 Qd7 10. Nbd2 f6 11. Nf1 Rae8 12. Ne3 Bxd3 13. Qxd3 a6 14. b3 Ng6 15. g3 Qh3 16. Qf5 Qxf5 17. Nxf5 Rxe1+ 18. Nxe1 Re8 19. Nd3 Bf8 20. Bf4 Rc8 21. Re1 Kf7 22. h4 Nce7 23. Nxe7 Bxe7 24. h5 Nxf4 25. Nxf4 c6 26. Kg2 Bd6 27. Kf3 b5 28. Kg4 Bxf4 29. gxf4 c5 30. dxc5 Rxc5 31. Rd1 Ke6 32. f5+ Kd6 33. Rd3 a5 34. h6 gxh6 35. Kh5 Ke5 36. Kxh6 Kxf5 37. Kxh7 Ke4 38. Re3+ Kf5 39. Rd3 b4 40. cxb4 axb4 41. Rd4 Rb5 42. Kg7 Ke5 43. Rd1 d4 44. f4+ Ke4 45. Kxf6 Rf5+ 46. Ke6 Rxf4 47. Kd6 d3 48. Kc5 Ke3 49. Re1+ Kd2 50. Re8 Kc2 0-1


[Site "https://www.chess.com"]

[Event "Titled Tuesday Blitz May 2 Early 2023"]
[White "Kramnik, Vladimir"]
[Black "Andreev, Konstantin"]
[WhiteFideId "4101588"]
[BlackFideId "24239305"]
[WhiteElo "2712"]
[BlackElo "2106"]
[Result "0-1"]
[Round "01"]
[TimeControl "180+2"]
[Date "2023.05.02"]
[WhiteClock "0:00:00"]
[BlackClock "0:00:00"]

1. Nf3 Nf6 2. g3 b5 3. Bg2 Bb7 4. O-O e6 5. d3 Be7 6. e4 d6 7. Nd4 Qd7 8. Nb3 a5 9. e5 Bxg2 10. exf6 Bxf1 11. fxe7 Bh3 12. Qf3 Qc6 13. Nd4 Qxf3 14. Nxf3 Kxe7 15. Nc3 c6 16. Ng5 Bf5 17. Ne2 h6 18. Nf3 Bg4 19. Kg2 Bxf3+ 20. Kxf3 Nd7 21. Kg2 c5 22. Bd2 a4 23. Re1 d5 24. Nf4 Kd6 25. g4 e5 26. Nh5 Rhg8 27. f4 Rae8 28. Ng3 g6 29. f5 h5 30. g5 h4 31. fxg6 fxg6 32. Nh1 Rgf8 33. Nf2 Rf5 34. Ng4 Ref8 35. a3 Rf3 36. Be3 h3+ 37. Kg1 e4 38. d4 cxd4 39. Bxd4 R8f4 40. Ne3 Ne5 41. Rd1 Ng4 42. Nf1 Ke6 43. Ng3 Nf2 44. Re1 Ng4 45. c3 e3 46. Ne2 Rf5 47. Ng3 Rxg5 48. Re2 Rf2 49. Rxf2 exf2+ 50. Bxf2 Nxf2 51. Kxf2 Re5 52. Ne2 Rxe2+ 53. Kxe2 g5 54. Ke3 Ke5 55. Kf3 Kf5 56. Kg3 g4 57. Kf2 Kf4 58. Kg1 g3 59. hxg3+ Kxg3 60. Kh1 Kf3 61. Kh2 Ke3 0-1


[Site "https://www.chess.com"]

[Event "Titled Tuesday Blitz May 2 Early 2023"]
[White "Reefat, Bin-Sattar"]
[Black "Demchenko, Anton"]
[WhiteFideId "10200207"]
[BlackFideId "4160258"]
[WhiteElo "2462"]
[BlackElo "2545"]
[Result "0-1"]
[Round "01"]
[TimeControl "180+2"]
[Date "2023.05.02"]
[WhiteClock "0:00:00"]
[BlackClock "0:00:00"]

1. e4 e5 2. Nf3 Nc6 3. Bc4 d6 4. d4 Nf6 5. Nc3 Bg4 6. dxe5 Nxe5 7. Be2 Ng6 8. Be3 Be7 9. Qd2 O-O 10. O-O-O c6 11. h4 b5 12. h5 Ne5 13. Nxe5 dxe5 14. Qe1 Qc7 15. h6 g6 16. Bg5 Be6 17. f4 b4 18. Na4 exf4 19. Qh4 Qe5 20. Bf3 Rfe8 21. Bxf4 Qa5 22. Bg5 Qxa4 23. Bxf6 Bf8 24. Bg7 Qxa2 25. Bxf8 Qa1+ 26. Kd2 Qxb2 27. Bg7 Rad8+ 0-1


[Site "https://www.chess.com"]

[Event "Titled Tuesday Blitz May 2 Early 2023"]
[White "Lenderman, Aleksandr"]
[Black "Omelja, Artem"]
[WhiteFideId "2021285"]
[BlackFideId "14119846"]
[WhiteElo "2607"]
[BlackElo "2404"]
[Result "1-0"]
[Round "01"]
[TimeControl "180+2"]
[Date "2023.05.02"]
[WhiteClock "0:00:01"]
[BlackClock "0:00:00"]

1. Nf3 Nf6 2. b3 e6 3. Bb2 b6 4. g3 Bb7 5. Bg2 c5 6. O-O d5 7. e3 Be7 8. c4 O-O 9. Nc3 Nbd7 10. Qe2 Rc8 11. d3 Qc7 12. Rad1 Rfd8 13. Nh4 dxc4 14. bxc4 Bxg2 15. Kxg2 Qb7+ 16. Kg1 Ne5 17. f4 Ng6 18. Nf3 Bf8 19. Ne5 Nd7 20. Nxg6 hxg6 21. Ne4 Be7 22. h4 Nf6 23. Bxf6 Bxf6 24. h5 gxh5 25. Qxh5 Be7 26. Kf2 Qa6 27. Rh1 f6 28. Rd2 Rc7 29. Kf3 Qb7 30. Qg6 Rcd7 31. Rdh2 1-0


[Site "https://www.chess.com"]

[Event "Titled Tuesday Blitz May 2 Early 2023"]
[White "Bethke, Richard"]
[Black "Ter-Sahakyan, Samvel"]
[WhiteFideId "12959243"]
[BlackFideId "13302531"]
[WhiteElo "2369"]
[BlackElo "2566"]
[Result "0-1"]
[Round "01"]
[TimeControl "180+2"]
[Date "2023.05.02"]
[WhiteClock "0:00:00"]
[BlackClock "0:00:01"]

1. e4 c5 2. Nf3 e6 3. d4 cxd4 4. Nxd4 Nf6 5. Nc3 Nc6 6. Ndb5 d6 7. Bf4 e5 8. Bg5 a6 9. Na3 b5 10. Nd5 Be7 11. Bxf6 Bxf6 12. c3 Rb8 13. Nc2 Bg5 14. a4 bxa4 15. Ncb4 Nxb4 16. cxb4 O-O 17. Rxa4 a5 18. h4 Bh6 19. b5 Bd7 20. Nc3 d5 21. Qxd5 Bc1 22. Ra2 Be6 23. Qxd8 Rfxd8 24. Nd5 Bxd5 25. exd5 Rxd5 26. Bc4 Rd2 27. Rxa5 Rc2 28. Ra4 Bxb2 29. O-O Bd4 30. g3 g6 31. Kg2 Kg7 32. Kf3 f5 33. Ra7+ Bxa7 0-1


[Site "https://www.chess.com"]

[Event "Titled Tuesday Blitz May 2 Early 2023"]
[White "Salman, Pavel"]
[Black "Suleymanli, Aydin"]
[WhiteFideId "24153753"]
[BlackFideId "13413937"]
[WhiteElo "2187"]
[BlackElo "2559"]
[Result "0-1"]
[Round "01"]
[TimeControl "180+2"]
[Date "2023.05.02"]
[WhiteClock "0:00:00"]
[BlackClock "0:00:00"]

1. d4 Nf6 2. Nc3 d5 3. Bf4 a6 4. e3 Bg4 5. f3 Bd7 6. g4 e6 7. h4 c5 8. g5 Nh5 9. Bh2 Nc6 10. Nge2 g6 11. Qd2 b5 12. Bh3 b4 13. Na4 Nxd4 14. exd4 Bxa4 15. Nf4 Nxf4 16. Qxf4 Bg7 17. O-O-O cxd4 18. Rhe1 Rc8 19. Re2 Bb5 20. Rxe6+ fxe6 21. Bxe6 Rf8 22. Qd2 d3 23. Bxc8 Qxc8 24. Bd6 Rxf3 25. Re1+ Kf7 26. Bxb4 Be5 27. b3 Bf4 28. Re7+ Kg8 29. a4 Qxc2# 0-1


[Site "https://www.chess.com"]

[Event "Titled Tuesday Blitz May 2 Early 2023"]
[White "Durarbayli, Vasif"]
[Black "Rios Escobar, Adan"]
[WhiteFideId "13402935"]
[BlackFideId "3403645"]
[WhiteElo "2551"]
[BlackElo "2234"]
[Result "1-0"]
[Round "01"]
[TimeControl "180+2"]
[Date "2023.05.02"]
[WhiteClock "0:00:00"]
[BlackClock "0:00:00"]

1. e4 c5 2. Nf3 d6 3. d4 cxd4 4. Nxd4 Nf6 5. Nc3 a6 6. Be2 e5 7. Nb3 Be6 8. O-O Nbd7 9. f4 Rc8 10. Kh1 Be7 11. f5 Bc4 12. Bxc4 Rxc4 13. Qd3 Qc8 14. Bg5 b5 15. a3 h6 16. Bh4 Nc5 17. Nxc5 Qxc5 18. Bxf6 Bxf6 19. Rad1 Rd4 20. Qf3 O-O 21. Rde1 Rc8 22. Re2 Rc4 23. Rff2 Bg5 24. Nd5 Kf8 25. g3 Bc1 26. c3 Qc6 27. f6 g6 28. Rc2 Bg5 29. h4 b4 30. axb4 a5 31. bxa5 Ra4 32. hxg5 hxg5 33. b4 Ra1+ 34. Kg2 Qd7 35. Rf1 Rxf1 36. Qxf1 Rd8 37. Qh1 1-0


[Site "https://www.chess.com"]

[Event "Titled Tuesday Blitz May 2 Early 2023"]
[White "Madaminov, Mukhiddin"]
[Black "Saya, Ethan"]
[WhiteFideId "14210703"]
[BlackFideId "26095181"]
[WhiteElo "2511"]
[BlackElo "2189"]
[Result "1-0"]
[Round "01"]
[TimeControl "180+2"]
[Date "2023.05.02"]
[WhiteClock "0:00:00"]
[BlackClock "0:00:00"]

1. d4 Nf6 2. Nc3 e6 3. Bf4 d5 4. Nb5 Bd6 5. Nxd6+ cxd6 6. c3 Nc6 7. Nf3 O-O 8. e3 Re8 9. Be2 e5 10. Bg5 Be6 11. O-O Rc8 12. Qb3 Na5 13. Qa3 a6 14. dxe5 dxe5 15. Nxe5 Nc4 16. Nxc4 dxc4 17. Rad1 Qe7 18. Qxe7 Rxe7 19. Bxf6 gxf6 20. Rd6 Rc5 21. Rfd1 Rb5 22. b4 Rg5 23. f4 Rg6 24. Kf2 Kg7 25. a4 Rh6 26. h3 f5 27. a5 Kf6 28. Bxc4 Rc7 29. Bxe6 fxe6 30. R1d3 Rg6 31. g3 Rgg7 32. Kf3 h5 33. e4 fxe4+ 34. Kxe4 Rc4+ 35. R6d4 Rcc7 36. c4 Rg8 37. c5 Ke7 38. Rd6 Rg6 39. Rb6 Kf7 40. Kf3 Ke7 41. g4 hxg4+ 42. hxg4 Rh6 43. Ke4 Rh4 44. Ke5 Rxg4 45. Rxe6+ Kf7 46. Rh3 Kg7 47. Rh5 Rd7 48. Rg5+ Rxg5+ 49. fxg5 Kf7 50. c6 bxc6 51. Rxc6 Rb7 52. Rb6 Re7+ 53. Kf5 Re1 54. Rf6+ Kg7 55. Rxa6 Rf1+ 56. Ke5 Rb1 57. Rb6 1-0


[Site "https://www.chess.com"]

[Event "Titled Tuesday Blitz May 2 Early 2023"]
[White "Gulkov, Igor A."]
[Black "Dardha, Daniel"]
[WhiteFideId "4120973"]
[BlackFideId "240990"]
[WhiteElo "2343"]
[BlackElo "2581"]
[Result "1/2-1/2"]
[Round "01"]
[TimeControl "180+2"]
[Date "2023.05.02"]
[WhiteClock "0:00:00"]
[BlackClock "0:00:00"]

1. Nf3 d5 2. d4 Nf6 3. c4 e6 4. Nc3 b6 5. Bg5 Bb7 6. e3 Be7 7. Rc1 Nbd7 8. cxd5 exd5 9. Bb5 c6 10. Ba4 O-O 11. O-O h6 12. Bh4 Rc8 13. Re1 c5 14. Bc2 Re8 15. Bf5 c4 16. Ne5 Ra8 17. b3 cxb3 18. Qxb3 Nxe5 19. dxe5 Nd7 20. Bxe7 Rxe7 21. f4 Nc5 22. Qd1 a6 23. Qd4 Ne6 24. Bxe6 fxe6 25. Na4 b5 26. Nc5 Rc8 27. Rc3 Qb6 28. Rec1 Rec7 29. a3 a5 30. Ne4 Qxd4 31. exd4 Rxc3 32. Nxc3 b4 33. axb4 axb4 34. Na2 b3 35. Rxc8+ Bxc8 36. Nc3 Ba6 37. Kf2 Bd3 38. Ke3 Bf5 39. Nd1 Bc2 40. Nb2 Kf7 41. Na4 Kg6 42. h3 h5 43. g3 Bf5 44. h4 Be4 45. Nb2 Kf5 46. Nd1 Bc2 47. Nb2 Kg4 48. Kf2 Bh7 49. Na4 Bg8 50. Nb2 Kf5 51. Ke3 Bf7 52. Kf3 Be8 53. Ke3 Bb5 54. Nd1 Kg6 55. Nb2 Kh7 56. Kf3 Kh6 57. Ke3 Kg6 58. Kf3 Kf7 59. Ke3 Kf8 60. Kf3 Ke7 61. Ke3 Be8 62. Kf3 Kd7 63. Ke3 Bg6 64. Kd2 Ke7 65. Ke3 Ke8 66. Kd2 Kd7 67. Ke3 Kc6 68. Kd2 Bc2 69. Kc3 Kb5 70. Kd2 Kb4 71. f5 Bxf5 72. Nd1 Kc4 73. Ne3+ Kxd4 74. Nxf5+ Kxe5 75. Nxg7 d4 76. Nxh5 Ke4 77. Nf4 e5 78. Nd3 Kd5 79. h5 e4 80. Nf4+ Kc4 81. h6 e3+ 82. Kc1 d3 83. h7 e2 84. Kd2 b2 85. h8=Q b1=Q 86. Qc8+ Kd4 87. Qc3+ Ke4 88. Qxd3+ Qxd3+ 89. Nxd3 Kf3 90. Ke1 Kxg3 91. Nc1 Kg2 92. Nxe2 1/2-1/2


[Site "https://www.chess.com"]

[Event "Titled Tuesday Blitz May 2 Early 2023"]
[White "Galchenko, Matvey"]
[Black "Shuvalov, Evgenij"]
[WhiteFideId "24175480"]
[BlackFideId "4187237"]
[WhiteElo "2423"]
[BlackElo "2080"]
[Result "1-0"]
[Round "01"]
[TimeControl "180+2"]
[Date "2023.05.02"]
[WhiteClock "0:00:00"]
[BlackClock "0:00:00"]

1. f4 d5 2. Nf3 e6 3. g3 c5 4. Bg2 Nc6 5. O-O g6 6. d3 Bg7 7. Nc3 Nge7 8. e4 O-O 9. h3 f5 10. Qe1 Nd4 11. Qf2 Nxf3+ 12. Qxf3 fxe4 13. dxe4 d4 14. Nd1 e5 15. Bd2 Be6 16. Nf2 c4 17. Rad1 Qb6 18. Qa3 Nc6 19. Kh2 Rad8 20. Rde1 Rf7 21. f5 gxf5 22. exf5 Bxf5 23. Ne4 Bf8 24. Qf3 Bg6 25. Qg4 Rxf1 26. Rxf1 Be7 27. Qe6+ Kg7 28. Ng5 Rf8 29. Qxc4 Bxg5 30. Rxf8 Kxf8 31. Bxg5 Qxb2 32. Qe6 Kg7 33. Qf6+ Kg8 34. Bd5+ 1-0


[Site "https://www.chess.com"]

[Event "Titled Tuesday Blitz May 2 Early 2023"]
[White "Chernov, Mikhail"]
[Black "Mekhitarian, Krikor Sevag"]
[WhiteFideId "24143170"]
[BlackFideId "2107660"]
[WhiteElo "2113"]
[BlackElo "2604"]
[Result "0-1"]
[Round "01"]
[TimeControl "180+2"]
[Date "2023.05.02"]
[WhiteClock "0:00:00"]
[BlackClock "0:00:00"]

1. d4 Nf6 2. Nc3 d5 3. Bf4 a6 4. e3 Bf5 5. Nf3 e6 6. Ne5 h6 7. g4 Bh7 8. h4 Nfd7 9. f3 Nxe5 10. Bxe5 c5 11. Qd2 Nc6 12. Bg3 cxd4 13. exd4 Nb4 14. Rc1 Rc8 15. a3 Nc6 16. Bd3 Nxd4 17. O-O Bc5 18. Kg2 Bxd3 19. Qxd3 Nc6 20. Rce1 O-O 21. Ne2 Bd6 22. Bxd6 Qxd6 23. Ng3 Ne5 24. Qe2 Nc4 25. c3 Qb6 26. Rf2 Qc7 27. g5 Qf4 28. gxh6 Qxh6 29. h5 Kh8 30. f4 Rce8 31. f5 exf5 32. Qxe8 Rxe8 33. Rxe8+ Kh7 34. Nxf5 Qg5+ 35. Kh2 Nd2 36. Ng3 Ne4 37. Nxe4 dxe4 38. Rxe4 Qxh5+ 39. Kg1 Qg5+ 40. Kf1 Qc1+ 41. Re1 Qh6 42. Rxf7 Qh1+ 43. Ke2 Qe4+ 44. Kf2 Qh4+ 45. Kf1 Qc4+ 0-1


[Site "https://www.chess.com"]

[Event "Titled Tuesday Blitz May 2 Early 2023"]
[White "Bernadskiy, Vitaliy"]
[Black "Lucas, Arthur"]
[WhiteFideId "14100371"]
[BlackFideId "26093073"]
[WhiteElo "2488"]
[BlackElo "2251"]
[Result "1-0"]
[Round "01"]
[TimeControl "180+2"]
[Date "2023.05.02"]
[WhiteClock "0:00:00"]
[BlackClock "0:00:00"]

1. d4 Nf6 2. c4 g6 3. Nc3 Bg7 4. e4 d6 5. Be2 O-O 6. Nf3 Na6 7. Bg5 Qe8 8. O-O e5 9. d5 h6 10. Bh4 g5 11. Bg3 Nc5 12. Nd2 Nfxe4 13. Ndxe4 Nxe4 14. Nxe4 f5 15. Bd3 fxe4 16. Bxe4 h5 17. f3 b6 18. Qd2 Bh6 19. Bf2 Kg7 20. Be3 Qe7 21. h4 Rf4 22. g3 Bh3 23. gxf4 gxf4 24. Bf2 Kh8 25. Kh2 Bc8 26. Rh1 Bd7 27. Rag1 1-0


[Site "https://www.chess.com"]

[Event "Titled Tuesday Blitz May 2 Early 2023"]
[White "Miszler, Levente"]
[Black "Rustemov, Alexander"]
[WhiteFideId "763276"]
[BlackFideId "4119002"]
[WhiteElo "2176"]
[BlackElo "2525"]
[Result "0-1"]
[Round "01"]
[TimeControl "180+2"]
[Date "2023.05.02"]
[WhiteClock "0:00:01"]
[BlackClock "0:00:01"]

1. Nf3 d5 2. c4 c6 3. g3 Nf6 4. Bg2 dxc4 5. O-O Be6 6. a4 g6 7. Na3 Bg7 8. Qc2 O-O 9. Nxc4 Na6 10. d3 Nb4 11. Qd1 Bxc4 12. dxc4 Qxd1 13. Rxd1 a5 14. Be3 Nc2 15. Rac1 Nxe3 16. fxe3 Ng4 17. e4 Bh6 18. Rc3 Be3+ 19. Rxe3 Nxe3 20. Rd7 Nxc4 21. Rxe7 Nxb2 22. Rxb7 Nxa4 23. Ne5 Nc5 24. Rc7 a4 25. Nxc6 a3 26. Ne7+ Kg7 0-1


[Site "https://www.chess.com"]

[Event "Titled Tuesday Blitz May 2 Early 2023"]
[White "Atabayev, Saparmyrat"]
[Black "Arpita, Mukherjee"]
[WhiteFideId "14000571"]
[BlackFideId "5056403"]
[WhiteElo "2448"]
[BlackElo "2129"]
[Result "1-0"]
[Round "01"]
[TimeControl "180+2"]
[Date "2023.05.02"]
[WhiteClock "0:00:01"]
[BlackClock "0:00:00"]

1. e4 c5 2. Nf3 d6 3. d4 cxd4 4. Nxd4 Nf6 5. Nc3 a6 6. Bg5 e6 7. f4 h6 8. Bh4 Qb6 9. Qd2 Nbd7 10. O-O-O Be7 11. Bc4 O-O 12. Bf2 Qc7 13. Bxe6 fxe6 14. Nxe6 Qa5 15. Nxf8 Bxf8 16. Kb1 Nc5 17. e5 dxe5 18. fxe5 Ng4 19. Bxc5 Qxc5 20. Rhe1 Be6 21. Ne4 Qc4 22. b3 Qc6 23. Nd6 Rd8 24. Qf4 Qc3 25. h3 g5 26. Qd4 Qxd4 27. Rxd4 Nxe5 28. Rxe5 Bg7 29. Rxe6 Bxd4 30. Nxb7 Rf8 31. Re1 Bc3 32. Rd1 Rf2 33. g4 a5 34. Nc5 Re2 35. Na4 Bg7 36. c4 Re3 37. c5 Re6 38. Rc1 Rc6 39. a3 Kf7 40. b4 axb4 41. axb4 Ra6 42. Nb6 Ra1+ 43. Kc2 Ra2+ 44. Kb3 Rh2 45. c6 Rxh3+ 46. Ka4 Be5 47. Nd5 Rd3 48. c7 1-0


[Site "https://www.chess.com"]

[Event "Titled Tuesday Blitz May 2 Early 2023"]
[White "Eggink, Ryszard"]
[Black "Quesada Perez, Yuniesky"]
[WhiteFideId "1125869"]
[BlackFideId "3504409"]
[WhiteElo "2283"]
[BlackElo "2585"]
[Result "0-1"]
[Round "01"]
[TimeControl "180+2"]
[Date "2023.05.02"]
[WhiteClock "0:00:00"]
[BlackClock "0:00:00"]

1. d4 Nf6 2. Nf3 d5 3. c4 e6 4. Nc3 c6 5. Bg5 Nbd7 6. e3 h6 7. Bxf6 Nxf6 8. Bd3 dxc4 9. Bxc4 Be7 10. O-O b5 11. Bd3 Bb7 12. Ne5 O-O 13. Rc1 Rc8 14. Ne4 Qd5 15. Nc5 Bxc5 16. Rxc5 Qxa2 17. Qa1 Qxa1 18. Rxa1 a6 19. Rac1 Rfd8 20. Nxc6 Bxc6 21. Rxc6 Rxc6 22. Rxc6 Ra8 23. Kf1 Kf8 24. Ke2 Ra7 25. e4 Ke7 26. h3 Kd7 27. Rc5 Ne8 28. e5 Nc7 29. Be4 Na8 30. d5 exd5 31. Bxd5 Ke7 32. f4 Nb6 33. Bb3 Nd7 34. Rc6 a5 35. Ke3 a4 36. Bd5 b4 37. Kd4 a3 38. bxa3 bxa3 39. Ba2 Ra4+ 40. Ke3 g5 41. g3 Ra7 42. Rxh6 gxf4+ 43. gxf4 Rc7 44. Ra6 Rc3+ 45. Kd4 Rf3 46. Ke4 Rxh3 47. f5 Nc5+ 0-1


[Site "https://www.chess.com"]

[Event "Titled Tuesday Blitz May 2 Early 2023"]
[White "Talibov, Shiroghlan"]
[Black "Eidelman, Gabriel"]
[WhiteFideId "13429078"]
[BlackFideId "30910544"]
[WhiteElo "2224"]
[BlackElo "2209"]
[Result "1-0"]
[Round "01"]
[TimeControl "180+2"]
[Date "2023.05.02"]
[WhiteClock "0:00:00"]
[BlackClock "0:00:00"]

1. Nf3 d6 2. d4 g6 3. c4 Bg7 4. Nc3 Nd7 5. Bg5 c5 6. e3 Ngf6 7. Be2 O-O 8. O-O b6 9. d5 a6 10. a4 Rb8 11. e4 Ne8 12. Re1 Nc7 13. Qc2 Qe8 14. Bf1 Ne5 15. Nd2 Bd7 16. h3 f6 17. Be3 b5 18. axb5 axb5 19. cxb5 Nxb5 20. Nxb5 Bxb5 21. f4 Bxf1 22. Rxf1 Nf7 23. Nc4 e6 24. Rfe1 exd5 25. exd5 Qb5 26. f5 Qb7 27. Rad1 Qb3 28. Qxb3 Rxb3 29. Bf4 Rd8 30. Re6 gxf5 31. Nxd6 Nxd6 32. Bxd6 Rxb2 33. Bxc5 Kf7 34. Re7+ Kg6 35. Rd3 Bf8 36. Rg3+ Kh6 37. Be3+ Kh5 38. Rxh7+ 1-0


[Site "https://www.chess.com"]

[Event "Titled Tuesday Blitz May 2 Early 2023"]
[White "Shukhman, Anna"]
[Black "Rodshtein, Maxim"]
[WhiteFideId "54180058"]
[BlackFideId "2806851"]
[WhiteElo "2125"]
[BlackElo "2555"]
[Result "1/2-1/2"]
[Round "01"]
[TimeControl "180+2"]
[Date "2023.05.02"]
[WhiteClock "0:00:00"]
[BlackClock "0:00:00"]

1. e4 g6 2. d4 Bg7 3. Nc3 d6 4. f4 Nf6 5. Nf3 O-O 6. Bd3 Nc6 7. O-O Bg4 8. e5 dxe5 9. dxe5 Nd5 10. h3 Nxc3 11. bxc3 Bc8 12. Be4 Na5 13. Nd4 c5 14. Nb3 Nxb3 15. axb3 Qc7 16. Be3 Rd8 17. Qf3 e6 18. Rfd1 Rxd1+ 19. Rxd1 a5 20. g4 a4 21. bxa4 Rxa4 22. f5 exf5 23. gxf5 Bxe5 24. f6 Be6 25. Bd5 Bf5 26. Bb3 Rh4 27. Qxb7 Bh2+ 28. Kf1 Bxh3+ 29. Ke1 Bg3+ 30. Ke2 Bg4+ 31. Kf1 Bxd1 32. Qa8+ Qb8 33. Bxf7+ Kxf7 34. Qd5+ Kxf6 35. Bg5+ Kg7 36. Qd7+ Kg8 37. Qe6+ Kf8 38. Qe7+ Kg8 39. Qe6+ Kf8 40. Qe7+ Kg8 41. Qe6+ 1/2-1/2


[Site "https://www.chess.com"]

[Event "Titled Tuesday Blitz May 2 Early 2023"]
[White "Hayrapetyan, Hovik"]
[Black "Przybylski, Wojciech"]
[WhiteFideId "13302639"]
[BlackFideId "1117599"]
[WhiteElo "2348"]
[BlackElo "2222"]
[Result "1-0"]
[Round "01"]
[TimeControl "180+2"]
[Date "2023.05.02"]
[WhiteClock "0:00:00"]
[BlackClock "0:00:00"]

1. d4 Nf6 2. c4 e6 3. Nc3 Bb4 4. Nf3 b6 5. Bd2 Bb7 6. g3 O-O 7. Bg2 c5 8. dxc5 Bxc5 9. O-O Na6 10. a3 Re8 11. b4 Bf8 12. Bf4 Rc8 13. Qd3 d5 14. cxd5 Nxd5 15. Ng5 g6 16. Nxd5 exd5 17. Rad1 Bg7 18. Nf3 Nc7 19. Rfe1 Qd7 20. Bxc7 Qxc7 21. Nd4 a6 22. e3 Red8 23. Ne2 Qc4 24. Nf4 a5 25. Qxc4 Rxc4 26. Bxd5 Bxd5 27. Nxd5 Rb8 28. Rc1 b5 29. Rxc4 bxc4 30. Rc1 axb4 31. axb4 c3 32. Kf1 Rb5 33. e4 f5 34. f3 fxe4 35. fxe4 Bf8 36. Rxc3 Kg7 37. Rc7+ Kh6 38. Rc4 Kg5 39. Nc7 Rb7 40. Ne6+ Kf6 41. Nxf8 Ke5 42. Ke2 Rf7 43. Rc8 Kxe4 44. Ne6 Re7 45. Nc5+ Kd4+ 46. Kf3 Kc4 47. Na6+ Kb5 48. Nc7+ Kc6 49. Ne8+ Kd7 50. Ra8 Rf7+ 51. Kg2 Rf5 52. Ng7 Rb5 53. Ra7+ Kd6 54. Ne8+ Kc6 55. Rc7+ Kd5 56. Rxh7 Rxb4 57. Rg7 Rb2+ 58. Kh3 Ke6 59. Nc7+ Kf6 60. Rd7 Rb6 61. Nd5+ Ke6 62. Nxb6 g5 63. Rd4 Kf5 64. g4+ 1-0


[Site "https://www.chess.com"]

[Event "Titled Tuesday Blitz May 2 Early 2023"]
[White "Eynullayev, Altay"]
[Black "Asis Gargatagli, Hipolito"]
[WhiteFideId "13413562"]
[BlackFideId "2260735"]
[WhiteElo "2114"]
[BlackElo "2557"]
[Result "0-1"]
[Round "01"]
[TimeControl "180+2"]
[Date "2023.05.02"]
[WhiteClock "0:00:01"]
[BlackClock "0:00:00"]

1. e4 c5 2. Nf3 d6 3. d4 cxd4 4. Nxd4 Nf6 5. Nc3 a6 6. g3 g6 7. Bg2 Bg7 8. O-O O-O 9. h3 Nc6 10. Be3 Bd7 11. Nd5 Rc8 12. c3 Ne5 13. Qe2 Nc4 14. Bg5 e6 15. Nxf6+ Bxf6 16. Bxf6 Qxf6 17. Rad1 b5 18. Nc2 Nxb2 19. Rxd6 Qe7 20. Rxa6 Na4 21. Qd2 Nxc3 22. Ra7 Rfd8 23. Nb4 Qxb4 24. Rxd7 Ne2+ 0-1


[Site "https://www.chess.com"]